 Dungeon Crawl Stone Soup version 0.19.1-1-g22dce08 (webtiles) character file.

163 Boing the Conjurer (level 5, -2/28 HPs)
             Began as a Deep Elf Conjurer on Jan 21, 2017.
             Was an Initiate of Sif Muna.
             Slain by an ice beast (14 damage)
             ... on level 5 of the Dungeon.
             The game lasted 00:16:53 (3150 turns).

Boing the Conjurer (Deep Elf Conjurer)              Turns: 3150, Time: 00:16:54

Health: -2/28      AC:  5    Str:  5    XL:     5   Next: 20%
Magic:  20/22      EV: 13    Int: 21    God:    Sif Muna [......]
Gold:   201        SH:  0    Dex: 15    Spells: 4 memorised, 2 levels left

rFire  . . .     SeeInvis .     p - +2 spear (pierce)
rCold  . . .     Gourm    .     f - +0 robe
rNeg   . . .     Faith    +     (no shield)
rPois  .         Spirit   .     (no helmet)
rElec  .         Reflect  .     (no cloak)
rCorr  .         Harm     .     o - +0 pair of gloves
MR     .....                    j - +1 pair of boots
Stlth  +.........               D - amulet of faith
                                q - ring of loudness (curse)
                                i - ring of magical power

@: no status effects
A: no striking features
a: Renounce Religion


You were on level 5 of the Dungeon.
You worshipped Sif Muna.
Sif Muna was noncommittal.
You were very hungry.

You visited 1 branch of the dungeon, and saw 5 of its levels.

You collected 201 gold pieces.

Inventory:

Hand Weapons
 e - a +2 hand axe of chopping
 p - a +2 spear of piercing (weapon)
 t - a +0 hand crossbow of flaming
Missiles
 y - 18 poisoned needles
Armour
 a - a +0 robe
 f - a +0 robe (worn)
 j - a +1 pair of boots (worn)
 o - a +0 pair of gloves (worn)
Jewellery
 d - a +2 amulet of reflection
 i - a ring of magical power (left hand)
 n - a +2 ring of evasion
 q - a cursed ring of loudness (right hand)
 r - an uncursed ring of wizardry
 C - a cursed ring of teleportation {unknown}
 D - an amulet of faith (around neck)
Wands
 v - a wand of lightning (11/15)
Scrolls
 w - 2 scrolls of teleportation
Potions
 g - a potion of haste {unknown}
 h - 3 potions of heal wounds
 k - a potion of curing {unknown}
 s - a potion of mutation {unknown}
 u - a potion of degeneration {unknown}
 x - 2 potions of resistance {unknown}
Books
 b - a book of Conjurations

   Spells                             Type                      Level
   a - Magic Dart                     Conjuration                  1
   b - Searing Ray                    Conjuration                  2
   c - Dazzling Spray                 Conjuration/Hexes            3
   d - Fulminant Prism                Conjuration/Hexes            4
   e - Iskenderun's Mystic Blast      Conjuration                  4
   f - Iskenderun's Battlesphere      Conjuration/Charms           5
Comestibles
 c - 2 bread rations
 l - 2 meat rations
 z - a slice of pizza


   Skills:
 - Level 0.4 Fighting
 + Level 2.8 Dodging
 - Level 2.4 Stealth
 + Level 4.4 Spellcasting
 + Level 6.3 Conjurations
 + Level 0.6 Hexes


You had 2 spell levels left.
You knew the following spells:

 Your Spells              Type           Power        Failure   Level  Hunger
a - Magic Dart            Conj           ####         1%          1    None
b - Searing Ray           Conj           ####..       1%          2    #......
c - Dazzling Spray        Conj/Hex       ###...       10%         3    ##.....
d - Iskenderun's Mystic   Conj           ####....     12%         4    ####...


Dungeon Overview and Level Annotations

Branches:
Dungeon (5/15)
 Temple: D:4-7

Altars:
Makhleb
Qazlal
Sif Muna
Uskayaw


Message History

The ice beast closely misses you.
Throwing (i - inventory):
m - 2 tomahawks of dispersal (quivered)
Press: ? - help, Shift-Dir - straight line, f/p - ice beast
Aim: an ice beast (moderately wounded)
You throw a tomahawk of dispersal.
The tomahawk of dispersal closely misses the ice beast.
You are feeling very hungry.
The ice beast closely misses you.
Throwing (i - inventory):
m - a tomahawk of dispersal (quivered)
Press: ? - help, Shift-Dir - straight line, f/p - ice beast
Aim: an ice beast (moderately wounded)
You throw a tomahawk of dispersal.
The tomahawk of dispersal barely misses the ice beast.
The ice beast closely misses you.
As you read the scroll of fog, it crumbles to dust.
The scroll dissolves into smoke.
The ice beast hits you but does no damage.
The ice beast hits you. The ice beast freezes you!
Ouch! That really hurt!
You die...

.........#
#......#.#
#......#.#
.......#§#
##.....#§#
#....##§#
#.... #§#
#.... #Y#
#....##@#
#....#§#
#....#§#
####....#.#
..........#
###....###
#....#
####....##
....=....#


You could see an ice beast.

Vanquished Creatures
  A scorpion (D:4)
  3 adders
  An ooze (D:1)
  2 dart slugs
  2 leopard geckos
  4 orcs
  5 giant cockroaches
  11 goblins
  7 hobgoblins
  10 kobolds
  A quokka (D:2)
  8 bats
  4 frilled lizards
  7 rats
  A plant (D:4)
67 creatures vanquished.

Notes
Turn   | Place    | Note
-------+----------+-------------------------------------------
     0 | D:1      | Boing the Deep Elf Conjurer began the quest for the Orb.
     0 | D:1      | Reached XP level 1. HP: 10/10 MP: 6/6
   354 | D:1      | Reached XP level 2. HP: 15/15 MP: 8/8
   365 | D:1      | Reached skill level 5 in Conjurations
   463 | D:1      | Learned a level 2 spell: Searing Ray
   824 | D:2      | Reached XP level 3. HP: 19/19 MP: 9/9
   829 | D:2      | Learned a level 3 spell: Dazzling Spray
  1109 | D:2      | Found a deep blue altar of Sif Muna.
  1113 | D:2      | Became a worshipper of Sif Muna the Loreminder
  1211 | D:2      | Found a faded altar of an unknown god.
  1276 | D:2      | Reached XP level 4. HP: 24/24 MP: 11/11
  1284 | D:2      | Learned a level 4 spell: Iskenderun's Mystic Blast
  1589 | D:2      | Found a hide-covered altar of Uskayaw.
  1949 | D:3      | Found a stormy altar of Qazlal.
  2133 | D:3      | Found a burning altar of Makhleb.
  2133 | D:3      | Noticed a cacodemon
  2136 | D:3      | Noticed a smoke demon
  2136 | D:3      | Noticed an orange demon
  2313 | D:3      | Reached skill level 6 in Conjurations
  2916 | D:4      | Reached XP level 5. HP: 24/28 MP: 13/13
  3060 | D:5      | Entered Level 5 of the Dungeon
  3136 | D:5      | Noticed an ice beast
  3150 | D:5      | Slain by an ice beast

Skill      XL: |  1  2  3  4 |
---------------+-------------+-----
Conjurations   | 5 6 |  6.3
Spellcasting   | 4 |  4.4
Fighting       | |  0.4
Dodging        | |  2.8
Stealth        | |  2.4
Hexes          | |  0.6

Action                   |  1- 3 |  4- 6 || total
-------------------------+-------+-------++-------
Melee: Hand axe          |     4 |       ||     4
       Unarmed           |     1 |       ||     1
       Spear             |       |     9 ||     9
Throw: Tomahawk          |       |     2 ||     2
 Cast: Magic Dart        |    58 |    35 ||    93
       Searing Ray       |     5 |     8 ||    13
       Dazzling Spray    |     1 |       ||     1
  Use: Scroll            |     7 |     5 ||    12
  Eat: Chunk             |     1 |     5 ||     6
Armor: Robe              |     5 |     3 ||     8
Dodge: Dodged            |    12 |     9 ||    21
Block: Other             |       |     1 ||     1
       Reflection        |       |     1 ||     1
